cohdb
Replays
Latest Replays
All Replays
Popular Replays
Top Player Replays
Match Explorer
How It Works
Community
CoH3 Stats
Reddit
Sign in to upload your games and track your stats! →
Sign in with Steam
Match 41376323
Unlisted
Match 41376323
Overview
Messages
Build Orders
End
Construct Infanterie Kompanie
MG 42 Machine Gun Team
Selects Terror Battlegroup
MG 42 Machine Gun Team
Construct Panzergrenadier Kompanie
Panzergrenadier Squad
Panzergrenadier Squad
251 Medium Carrier
Selects Contempt for the Weak
Pak 40 Anti-tank Gun Team
MG 42 Machine Gun Team
Support Elements
StuG III G Assault Gun
251 Medium Carrier
Selects Machine Gun Camouflage
Selects Defend the Fatherland
Pioneer Squad
Panzergrenadier Officer Quarters
Infanterie Officer Quarters
MrBiggles
Flobby
Getmeout
CPU - VERY EASY
Fredwick
ArT
dkdkabc
Agent-S
0
0
Comments
sign in to comment!
No comments posted yet!